 Dungeon Crawl Stone Soup version 0.29-a0-322-g68df515428 (webtiles) character file.

Game seed: 2118493214355497610

89 siradein the Insei (level 4, -2/29 HPs)
             Began as an Octopode Transmuter on Apr 7, 2022.
             Killed from afar by an orc wizard (9 damage)
             ... with a magic dart
             ... on level 2 of the Dungeon.
             The game lasted 00:05:24 (1862 turns).

siradein the Insei (Octopode Transmuter)            Turns: 1862, Time: 00:05:24

Health: -2/29      AC:  2    Str:  9    XL:     4   Next: 55%
Magic:  4/7        EV: 20    Int: 17    God:
Gold:   55         SH:  0    Dex: 17    Spells: 2/8 levels left

rFire   . . .      SeeInvis .     - Unarmed
rCold   . . .      Faith    .   (shield currently unavailable)
rNeg    . . .      Spirit   .   (helmet currently unavailable)
rPois   x          Reflect  .   (no amulet)
rElec   .          Harm     .   d - ring of resist corrosion
rCorr   +          Rampage  .   (no ring)
Will    .....                   (no ring)
Stlth   ++........              (no ring)
HPRegen 0.09/turn               (no ring)
MPRegen 0.10/turn               (no ring)
                                (no ring)
                                (no ring)

@: spider-form
A: venomous fangs, almost no armour, (amphibious), 8 rings, tiny, (camouflage
1), (gelatinous body 1), (nimble swimmer 1), (tentacles)
a: End Transformation


You were on level 2 of the Dungeon.
You were a venomous arachnid creature.
You visited 1 branch of the dungeon, and saw 2 of its levels.

You collected 55 gold pieces.

Inventory:

Jewellery
 d - a ring of resist corrosion (left front leg)
Scrolls
 b - a scroll of immolation {unknown}
 c - 2 scrolls of teleportation {unknown}
 h - a scroll of identify {unknown}
 j - a scroll of fog {unknown}
Potions
 a - a potion of lignification
 e - a potion of haste {unknown}
 f - 3 potions of heal wounds {unknown}
 g - a potion of curing {unknown}
 i - a potion of brilliance {unknown}
 k - a potion of attraction {unknown}


   Skills:
 + Level 1.9 Fighting
 + Level 2.6 Dodging
 + Level 3.5 Unarmed Combat
 + Level 2.5 Spellcasting
 + Level 2.6 Transmutations
 + Level 1.0 Poison Magic


You had 2 spell levels left.
You knew the following spells:

 Your Spells              Type           Power      Damage    Failure   Level
a - Beastly Appendage     Tmut           22%        N/A       17%         1
b - Wereblood             Tmut           11%        N/A       24%         2
c - Spider Form           Tmut/Pois      8%         N/A       47%         3

Your spell library contained the following spells:

 Spells                   Type           Power      Damage    Failure   Level
 Ice Form                 Ice/Tmut       6%         N/A       87%         4


Dungeon Overview and Level Annotations

Branches:
Dungeon (2/15)

Altars:


Innate Abilities, Weirdness & Mutations

You are a venomous arachnid creature.
You have poisonous fangs.
You are tiny and dextrous.
Your spellcasting is less reliable in this form.
Your armour is entirely melded.
You are incapable of wielding weapons or throwing items.
You cannot wear most types of armour.
((You are amphibious.))
You can wear up to eight rings at the same time.
((Your skin changes colour to match your surroundings (Stealth+).))
((Your rubbery body absorbs attacks. (AC +1, EV +1)))
((You are camouflaged when in or above water. (Stealth+)))
((You have tentacles for arms and can constrict up to eight enemies at once.))


Message History

You pierce the orc priest.
The orc priest is severely wounded.
You constrict the orc priest.
The orc priest hits you but does no damage.
You tentacle-slap the orc priest.
The orc priest is severely wounded.
You constrict the orc priest.
The orc priest invokes the aid of Beogh against you.
Pain shoots through your body!
You tentacle-slap the orc priest.
You kill the orc priest!
The orc hits you with a +0 whip.
Your Poison Magic skill increases to level 1!
You tentacle-slap the orc. You grab the orc.
You pierce the orc.
You squeeze the orc.
You kill the orc!
Your transformation is almost over.
An orc wizard comes into view. It is wielding a +0 dagger.
The orc wizard shouts!
The orc wizard gestures at you while chanting.
The magic dart hits you!
* * * LOW HITPOINT WARNING * * *
Casting: Beastly Appendage (safe; 6% risk of failure)
Confirm with . or Enter, or press ? or * to list all spells.
The spell is quite dangerous to miscast (26% risk of failure)!
Continue anyway?
Your tentacle spike disappears.
You turn into a venomous arachnid creature.
The orc wizard gestures wildly while chanting.
The orc wizard flickers and vanishes!
Deactivating autopickup; reactivate with Ctrl-A.
The orc priest shouts!
The orc shouts!
You hit something.
You hear some strange, mumbled words.
A puff of flame appears from out of thin air!
The puff of flame misses you.
You hit something.
You hear some strange, mumbled words.
A magic dart appears from out of thin air!
The magic dart hits you!
You die...

#.##'# #))#.#
#.#.# #.#o#
####...#####
#...o......#
#..........#
#...{......#
#...s......#
#..........#
#..........#
#...<......#
#..........#
#######'#######
#[.............
#......>.......
#..†...........


You could see an orc priest and an orc.

Vanquished Creatures
  An orc priest (D:2)
  A gnoll (D:1)
  An adder (D:2)
  2 dart slugs (D:1)
  An orc (D:2)
  3 endoplasms (D:1)
  2 giant cockroaches
  2 goblins (D:1)
  6 hobgoblins
  4 kobolds (D:1)
  3 ball pythons (D:1)
  3 bats (D:1)
  3 rats (D:1)
32 creatures vanquished.

Notes
Turn   | Place    | Note
-------+----------+-------------------------------------------
     0 | D:1      | siradein the Octopode Transmuter began the quest for the
                  | Orb.
     0 | D:1      | Reached XP level 1. HP: 13/13 MP: 3/3
    27 | D:1      | Reached XP level 2. HP: 4/18 MP: 1/5
   392 | D:1      | Found a faded altar of an unknown god.
   471 | D:1      | Reached XP level 3. HP: 21/23 MP: 4/6
   485 | D:1      | Learned a level 2 spell: Wereblood
   489 | D:1      | Learned a level 3 spell: Spider Form
  1810 | D:2      | Reached XP level 4. HP: 29/29 MP: 4/7
  1849 | D:2      | Reached skill level 1 in Poison Magic
  1862 | D:2      | Killed from afar by an orc wizard

Illustrated notes

Levels and vault maps discovered:
D:1:      spicycebolla_arrival_xxxplode, layout_basic,
          hellmonk_ecumenical_altar_prayer_group
D:2:      layout_basic

Skill      XL: |  1  2  3  4 |
---------------+-------------+-----
Poison Magic   | 1 |  1.0
Fighting       | |  1.9
Dodging        | |  2.6
Unarmed Combat | |  3.5
Spellcasting   | |  2.5
Transmutations | |  2.6

Action                   |  1- 3 |  4- 6 || total
-------------------------+-------+-------++-------
Melee: Unarmed           |    75 |     7 ||    82
       Kick              |    24 |     2 ||    26
       Constrict         |    20 |     2 ||    22
       Tentacles         |    10 |     1 ||    11
       Punch             |     2 |       ||     2
 Cast: Beastly Appendage |    19 |     1 ||    20
       Wereblood         |     1 |       ||     1
       Spider Form       |       |     1 ||     1
 Stab: Sleeping          |     3 |       ||     3
Armor: Skin              |     4 |     1 ||     5
Dodge: Dodged            |    49 |     2 ||    51

Table legend: (Time is in decaauts)
 A = Elapsed time spent in this place.
 B = Non-inter-level travel time spent in this place.
 C = Inter-level travel time spent in this place.
 D = Time resting spent in this place.
 E = Time spent auto-exploring this place.
 F = Levels seen in this place.
 G = Mean time per level.
                   A        B        C        D        E       F      G
               +--------+--------+--------+--------+--------+-----+--------+
         Total |   1857 |   1847 |     10 |    412 |   1060 |   2 |  928.5 |
       Dungeon |   1857 |   1847 |     10 |    412 |   1060 |   2 |  928.5 |
               +--------+--------+--------+--------+--------+-----+--------+

Top non-repeatable levels by time:
     D:1: 1646 daAuts
     D:2: 211 daAuts
